 Dungeon Crawl Stone Soup version 0.27.1-33-g824d729ab1 (webtiles) character file.

Game seed: 8403856523301672974

138 Ericske the Skirmisher (level 5, -8/47 HPs)
             Began as a Minotaur Berserker on Dec 21, 2021.
             Was a Believer of Trog.
             Engulfed by a steam dragon's steam (12 damage)
             ... on level 3 of the Dungeon.
             The game lasted 00:38:51 (3895 turns).

Ericske the Skirmisher (Minotaur Berserker)         Turns: 3895, Time: 00:38:52

Health: -8/47      AC:  8    Str: 23    XL:     5   Next: 1%
Magic:  4/4        EV:  8    Int:  4    God:    Trog [**....]
Gold:   146        SH: 10    Dex:  9    Spells: 4/4 levels left

rFire    . . .     SeeInvis .   p - +2 whip (flame)
rCold    . . .     Faith    .   f - +2 kite shield
rNeg     . . .     Spirit   .   g - +0 scale mail
rPois    .         Reflect  .   (helmet restricted)
rElec    .         Harm     .   (no cloak)
rCorr    .         Rampage  .   (no gloves)
Will     .....                  e - +0 pair of boots
Stlth    ..........             (no amulet)
HPRegen  0.15/turn              (no ring)
MPRegen  0.09/turn              (no ring)

@: no status effects
A: horns 2, retaliatory headbutt
a: Renounce Religion, Berserk, Trog's Hand


You were on level 3 of the Dungeon.
You worshipped Trog.
Trog was pleased with you.
You visited 1 branch of the dungeon, and saw 4 of its levels.

You collected 146 gold pieces.

Inventory:

Hand Weapons
 a - a +0 falchion
 d - a +2 whip of venom
 p - a +2 whip of flaming (weapon)
Missiles
 l - 119 stones (quivered)
 r - 6 javelins
Armour
 e - a +0 pair of boots (worn)
 f - a +2 kite shield (worn)
 g - a +0 scale mail (worn)
Scrolls
 h - a scroll of identify
 i - a scroll of magic mapping {unknown}
 o - a scroll of enchant armour
 q - a scroll of noise {unknown}
Potions
 b - 2 potions of might {unknown}
 c - 2 potions of lignification {unknown}
 j - a potion of invisibility
 k - a potion of attraction {unknown}
 m - 3 potions of curing
 n - a potion of flight {unknown}


   Skills:
 + Level 4.4 Fighting
 - Level 3.6 Long Blades
 * Level 3.1 Maces & Flails
 + Level 3.3 Armour
 + Level 3.0 Dodging
 + Level 1.7 Shields


You had 4 spell levels left.
You didn't know any spells.
Your spell library was empty.

Dungeon Overview and Level Annotations

Branches:
Dungeon (4/15)
 Temple: D:4-7

Altars:

Shops:
D:3 *


Innate Abilities, Weirdness & Mutations

You have a pair of horns on your head.
You reflexively headbutt those who attack you in melee.


Message History

You block the steam dragon's attack. The steam dragon barely misses you.
An adder comes into view.
You are engulfed in a cloud of scalding steam.
The steam dragon bites you but does no damage.
You block the steam dragon's attack.
You climb upwards.
You block the rat's attack.
There is a stone staircase leading down here.
You closely miss the steam dragon.
The steam dragon is heavily wounded.
You block the steam dragon's attack. x2; You block the rat's attack.
The steam dragon bites you. The steam dragon barely misses you.
The rat misses you.
You closely miss the steam dragon.
The steam dragon is heavily wounded.
The steam dragon breathes steam at you. The ball of steam misses you.
The rat bites you but does no damage.
Your scale mail prevents you from hitting the steam dragon.
Your headbutt misses the steam dragon.
The steam dragon is heavily wounded.
You are engulfed in a cloud of scalding steam.
You block the steam dragon's attack. The steam dragon completely misses you.
The rat bites you but does no damage.
You hit the steam dragon but do no damage.
The steam dragon is heavily wounded.
The steam dragon breathes steam at you. The ball of steam hits you!!
Ouch! That really hurt!
* * * LOW HITPOINT WARNING * * *
The rat is engulfed in a cloud of scalding steam.
The rat dies!
You hit the steam dragon. You burn the steam dragon.
Your headbutt misses the steam dragon.
The steam dragon is severely wounded.
You are engulfed in a cloud of scalding steam.
You block the steam dragon's attack. x2
You hit the steam dragon but do no damage.
You headbutt the steam dragon!
The steam dragon is almost dead.
You are engulfed in a cloud of scalding steam.
You die...

#.####.#.#........#.#
.......#........###.#
#.######....#.......#
.....(÷.............#
..######.##########.#
### #..÷.........#.#
#.#.########.#.#
#########
######.#....#####.#.#
#........
...............D@.#.#
#.#######
##...#.#####.....##.##
#.#
.....................#
#.#
.#...#######......#..#
#.# .#...# #.........#
#.# .#...# #.....#...#
#.# .#...# #.....#...#
#.# .#...# #.....#...#
#.# .....#
#####.#...####.##


You could see a steam dragon (catching breath).

Vanquished Creatures
  Robin (D:2)
  3 gnolls (D:2)
  2 adders
  4 dart slugs
  An orc (D:3)
  8 endoplasms
  3 giant cockroaches (D:1)
  8 goblins
  8 hobgoblins
  8 kobolds
  3 quokkas
  6 ball pythons
  6 bats
  2 frilled lizards (D:2)
  5 rats
68 creatures vanquished.

Vanquished Creatures (others)
  A rat (D:3)
  4 fungi (D:3)
  6 plants (D:3)
11 creatures vanquished.

Grand Total: 79 creatures vanquished

Notes
Turn   | Place    | Note
-------+----------+-------------------------------------------
     0 | D:1      | Ericske the Minotaur Berserker began the quest for the Orb.
     0 | D:1      | Reached XP level 1. HP: 19/19 MP: 0/0
    94 | D:1      | Reached skill level 1 in Maces & Flails
   173 | D:1      | Reached XP level 2. HP: 24/27 MP: 1/1
   913 | D:2      | Reached skill level 4 in Fighting
   913 | D:2      | Reached XP level 3. HP: 20/33 MP: 2/2
  1493 | D:2      | Reached ** piety under Trog
  1608 | D:2      | Noticed Robin
  1777 | D:1      | Reached skill level 1 in Shields
  2121 | D:2      | Reached XP level 4. HP: 35/40 MP: 3/3
  2675 | D:2      | Killed Robin
  3283 | D:3      | Found a faded altar of an unknown god.
  3329 | D:3      | Found Diuquomo's General Store.
  3821 | D:4      | Noticed a black bear
  3829 | D:3      | Reached XP level 5. HP: 44/47 MP: 4/4
  3884 | D:4      | Noticed a steam dragon
  3895 | D:3      | Engulfed by a steam dragon's steam

Illustrated notes

Levels and vault maps discovered:
D:1:      minmay_arrival_stone_box, layout_rooms
D:2:      layout_loops_corners, minmay_tall_x, uniq_robin
D:3:      layout_basic, dreamdust_ecumenical_altar_grove, serial_shops, shop,
          grunt_ministairs_14
D:4:      layout_loops_ring

Skill      XL: |  1  2  3  4 |
---------------+-------------+-----
Maces & Flails | 1 2 3 |  3.1
Fighting       | 4 |  4.4
Armour         | 3 |  3.3
Shields        | 1 |  1.7
Dodging        | 3 |  3.0
Long Blades    | |  3.6

Action                   |  1- 3 |  4- 6 || total
-------------------------+-------+-------++-------
Melee: Whip              |    85 |    61 ||   146
       Headbutt          |     5 |    10 ||    15
Throw: Stone             |     1 |     1 ||     2
Invok: Berserk           |     2 |     1 ||     3
  Use: Scroll            |       |     3 ||     3
Armor: Animal skin       |     3 |       ||     3
       Leather armour    |    16 |     4 ||    20
       Scale mail        |       |    20 ||    20
Dodge: Dodged            |    47 |    38 ||    85
Block: Buckler           |     9 |     5 ||    14
       Kite shield       |       |    22 ||    22
